 Dungeon Crawl Stone Soup version 0.19.0-9-gfd783f2 (webtiles) character file.

735 RKaid the Basher (level 7, 0/41 HPs)
             Began as a Gargoyle Fighter on Nov 8, 2016.
             Slain by an ogre
             ... wielding a +0 giant club
              (17 damage)
             ... on level 4 of the Dungeon.
             The game lasted 00:05:31 (3512 turns).

RKaid the Basher (Gargoyle Fighter)                 Turns: 3512, Time: 00:05:32

Health: 0/41       AC: 14    Str: 20    XL:     7   Next: 74%
Magic:  7/7        EV:  9    Int: 10    God:
Gold:   116        SH:  4    Dex:  9    Spells: 0 memorised, 6 levels left

rFire  . . .     SeeInvis .     a - +0 flail
rCold  . . .     Gourm    .     b - +0 scale mail
rNeg   + . .     Faith    .     F - +0 buckler
rPois  ∞         Spirit   .     y - +1 helmet
rElec  +         Reflect  .     u - +0 cloak
rCorr  .         Harm     .     (no gloves)
MR     .....                    (no boots)
Stlth  ..........               (no amulet)
                                (no ring)
                                (no ring)

@: no status effects
A: negative energy resistance 1, electricity resistance, unbreathing,
petrification resistance, rot immunity, AC +4
a: no special abilities


You were on level 4 of the Dungeon.
You were not hungry.

You visited 1 branch of the dungeon, and saw 6 of its levels.

You collected 116 gold pieces.

Inventory:

Hand Weapons
 a - a +0 flail (weapon)
Armour
 b - a +0 scale mail (worn)
 c - a +0 shield
 u - a +0 cloak (worn)
   (You found it on level 2 of the Dungeon)
 y - a +1 helmet (worn)
   (You took it off Robin on level 2 of the Dungeon)
 F - a +0 buckler (worn)
   (You found it on level 3 of the Dungeon)
Jewellery
 w - a +3 amulet of reflection {unknown}
   (You found it on level 2 of the Dungeon)
 A - a cursed ring of loudness {unknown}
   (You found it on level 2 of the Dungeon)
 E - an uncursed ring of wizardry {unknown}
   (You found it on level 3 of the Dungeon)
Scrolls
 e - 4 scrolls of amnesia {unknown}
 h - 5 scrolls of identify {unknown}
 i - 3 scrolls of random uselessness {unknown}
 o - 2 scrolls of recharging {unknown}
 q - 2 scrolls of enchant weapon {unknown}
 t - a scroll of teleportation {unknown}
 v - 2 scrolls of enchant armour {unknown}
 D - a scroll of immolation {unknown}
 G - a scroll of fog {unknown}
Potions
 d - a potion of might
 j - a potion of cancellation {unknown}
 k - a potion of degeneration {unknown}
 m - 3 potions of curing {unknown}
 n - a potion of agility {unknown}
 p - a potion of resistance {unknown}
 r - a potion of magic {unknown}
 s - 4 potions of flight {unknown}
 z - 5 potions of lignification {unknown}
 C - a potion of heal wounds {unknown}
Comestibles
 f - 4 bread rations
 g - 6 fruits
 l - 4 meat rations
 x - a beef jerky


   Skills:
 - Level 3.2 Fighting
 + Level 8.2 Maces & Flails
 - Level 3.2 Armour
 - Level 4.1 Shields


You had 6 spell levels left.
You didn't know any spells.

Dungeon Overview and Level Annotations

Branches:
Dungeon (6/15)
 Temple: D:4-7

Altars:

Shops:
D:5 %


Innate Abilities, Weirdness & Mutations

You are resistant to torment.
Your stone body is resilient. (AC +4)
You are immune to poison.
You resist negative energy. (rN+)
You are resistant to electric shocks. (rElec)
You can survive without breathing.
You are immune to petrification.
You are immune to rotting.


Message History

The orc priest calls down the wrath of Beogh upon you.
Beogh smites you!
There is an open door here.
The orc priest invokes the aid of Beogh against you.
Beogh smites you!
You closely miss the orc priest. The orc barely misses you.
The orc priest hits you but does no damage.
The orc barely misses you.
You hit the orc priest. The orc hits you but does no damage.
You block the orc priest's attack. The orc closely misses you.
You hit the orc priest. You block the orc's attack.
The orc priest hits you but does no damage.
The orc hits you with a whip.
You barely miss the orc priest.
The orc priest looks encouraged for a moment.
The orc misses you. The orc hits you but does no damage.
You thump the orc priest!
The orc priest hits you but does no damage.
The orc misses you. You block the orc's attack.
You hit the orc priest but do no damage.
The orc hits you but does no damage. The orc priest closely misses you.
The orc hits you but does no damage.
You hit the orc priest but do no damage.
The orc hits you but does no damage.
The orc priest looks satisfied for a moment.
The orc hits you but does no damage.
You barely miss the orc priest. The orc hits you but does no damage.
The orc priest closely misses you. The orc barely misses you.
You closely miss the orc priest. You block the orc priest's attack.
The orc hits you but does no damage. x2
You sock the orc priest!
You kill the orc priest!
You block the orc's attack. The orc closely misses you.
Your scale mail prevents you from hitting the orc.
The orc hits you. The orc barely misses you.
You barely miss the orc. The orc misses you. The orc hits you with a whip.
You completely miss the orc. The orc hits you but does no damage.
The orc closely misses you.
You hit the orc. The orc hits you but does no damage.
The orc barely misses you.
You closely miss the orc. The orc hits you but does no damage. x2
You closely miss the orc. You block the orc's attack.
The orc hits you but does no damage.
You hit the orc. You block the orc's attack. The orc misses you.
A leopard gecko comes into view.
You closely miss the orc. You block the orc's attack.
The orc hits you but does no damage.
You hit the orc.
You kill the orc!
The orc hits you but does no damage.
You closely miss the orc. The orc hits you but does no damage.
Your scale mail prevents you from hitting the orc.
The orc hits you but does no damage. The orc closely misses you.
Things that are here:
a leather armour; an orc corpse
There is an open door here.
Things that are here:
a war axe; a leather armour You thump the leopard gecko!
You kill the leopard gecko!
You closely miss the orc. The orc barely misses you.
You closely miss the orc. The orc barely misses you.
You closely miss the orc. You block the orc's attack.
You hit the orc but do no damage. The orc hits you but does no damage.
You hit the orc. The orc barely misses you.
You hit the orc.
You kill the orc!
There is an open door here.
Things that are here:
a whip; a leather armour
Things that are here:
a leather armour; an orc corpse You butcher the orc corpse.
B - 3 chunks of flesh
Things that are here:
a leather armour; an orc skeleton You start resting.
Eating one of 3 chunks of flesh.
You start eating one of the 3 chunks of flesh.
You are feeling hungry.
This raw flesh tastes terrible.
You start resting.
Found a stone staircase leading down.
All of the chunks of flesh in your inventory have rotted away.
You now have 116 gold pieces (gained 10).
A ball python comes into view.
The ball python hisses angrily.
Found an escape hatch in the floor.
You sock the ball python!
You kill the ball python!
An ogre comes into view. It is wielding a giant club.
The ogre shouts!
The ogre barely misses you.
You hit the ogre. The ogre hits you with a giant club!
You hit the ogre. You sock the ogre! The ogre closely misses you.
You hit the ogre. The ogre hits you with a giant club!
You closely miss the ogre. The ogre hits you with a giant club!
You die...

##. #.. ######.###
#........#
#........# ....
#........# .....
#....O...# ....#
#.....@..# ...
#........###.#
#............#
.......>.....+...
#######
##!..........#
......#
#........##.#
#####.#
#........#..#
#.######.+######.##
#....###.+######.###


You could see an ogre.

Vanquished Creatures
  Sigmund (D:3)
  The ghost of Gottschkopf the Skirmisher, an amateur MiFi (D:4)
  An ogre (D:4)
  A crimson imp (D:5)
  An orc priest (D:4)
  An orc wizard (D:3)
  Jessica (D:3)
  Natasha (D:2)
  A worker ant (D:3)
  Robin (D:2)
  3 adders
  2 oozes
  5 worms
  A dart slug (D:1)
  3 leopard geckos
  12 orcs
  6 giant cockroaches
  9 goblins
  16 hobgoblins
  8 jackals
  A ball python (D:4)
  9 bats
  4 frilled lizards
  9 kobolds
  A rat (D:1)
99 creatures vanquished.

Notes
Turn   | Place    | Note
-------+----------+-------------------------------------------
     0 | D:1      | RKaid the Gargoyle Fighter began the quest for the Orb.
     0 | D:1      | Reached XP level 1. HP: 14/14 MP: 1/1
   223 | D:1      | Reached XP level 2. HP: 15/19 MP: 2/2
   605 | D:1      | Reached skill level 3 in Maces & Flails
   800 | D:2      | Reached XP level 3. HP: 23/23 MP: 3/3
  1037 | D:2      | Reached skill level 4 in Maces & Flails
  1075 | D:2      | Noticed Robin
  1082 | D:2      | Reached XP level 4. HP: 26/28 MP: 4/4
  1095 | D:2      | Killed Robin
  1505 | D:2      | Noticed Natasha
  1511 | D:2      | Killed Natasha
  1511 | D:2      | Reached skill level 5 in Maces & Flails
  1511 | D:2      | Reached XP level 5. HP: 23/32 MP: 5/5
  2306 | D:3      | You fall through a shaft for 3 floors!
  2358 | D:5      | Entered Level 5 of the Dungeon
  2365 | D:5      | Reached XP level 6. HP: 33/37 MP: 6/6
  2396 | D:5      | Found Ycoogarr's Food Emporium.
  2487 | D:3      | Noticed Jessica
  2495 | D:3      | Killed Jessica
  2495 | D:3      | Reached skill level 6 in Maces & Flails
  2657 | D:3      | Reached skill level 4 in Shields
  2683 | D:3      | Noticed Sigmund
  2709 | D:3      | Killed Sigmund
  2709 | D:3      | Reached skill level 7 in Maces & Flails
  2709 | D:3      | Reached XP level 7. HP: 29/41 MP: 7/7
  2965 | D:4      | Noticed Gottschkopf's ghost (amateur MiFi)
  3024 | D:4      | Killed Gottschkopf's ghost
  3024 | D:4      | Reached skill level 8 in Maces & Flails
  3512 | D:4      | Slain by an ogre

Skill      XL: |  1  2  3  4  5  6  7 |
---------------+----------------------+-----
Maces & Flails | 3 4 5 7 8 |  8.2
Shields        | 4 |  4.1
Fighting       | |  3.2
Armour         | |  3.2

Action                   |  1- 3 |  4- 6 |  7- 9 || total
-------------------------+-------+-------+-------++-------
Melee: Flail             |   119 |   194 |    75 ||   388
  Eat: Chunk             |     1 |     5 |     3 ||     9
Armor: Scale mail        |    61 |    81 |    37 ||   179
Dodge: Dodged            |    49 |    59 |    30 ||   138
Block: Shield            |    72 |    60 |       ||   132
       Buckler           |       |    16 |    16 ||    32

Vault maps used:
D:1:      minmay_arrival_four_circles, minmay_tromino_v4_b
D:2:      grunt_ministairs_10, uniq_robin, uniq_natasha
D:3:      uniq_sigmund, uniq_jessica
D:4:      grunt_qazlal_clouds
D:5:      grunt_temple_overflow_open, serial_shops, kennysheep_little_box, shop,
          first_bread, fedhas_altar_3, uniq_pikel
D:6:      lemuel_round_altar

Table legend:
 A = Turns spent in this place as a percentage of turns spent in the entire game.
 B = Non-inter-level travel turns spent in this place as a percentage of non-inter-level travel turns spent in the entire game.
 C = Inter-level travel turns spent in this place as a percentage of turns spent in this place.
 D = Turns resting spent in this place as a percentage of non-inter-level travel turns spent in this place.
 E = Turns spent auto-exploring this place as a percentage of non-inter-level travel turns spent in this place.
 F = Non-inter-level travel turns spent in this place divided by the number of levels of this place that you've seen.
                   A       B       C       D       E      F
               +-------+-------+-------+-------+-------+----------------------
         Total | 100.0 | 100.0 |   0.4 |   1.6 |   9.3 | 163.8
       Dungeon | 100.0 | 100.0 |   0.4 |   1.6 |   9.3 | 163.8
               +-------+-------+-------+-------+-------+----------------------

Table legend:
 A = Kills in this place as a percentage of kills in entire the game.
 B = Kills by you in this place as a percentage of kills by you in the entire game.
 C = Kills by friends in this place as a percentage of kills by friends in the entire game.
 D = Other kills in this place as a percentage of other kills in the entire game.
 E = Experience gained in this place as a percentage of experience gained in the entire game.
 F = Experience gained in this place divided by the number of levels of this place that you have seen.
                   A       B       C       D       E      F
               +-------+-------+-------+-------+-------+----------------------
         Total | 100.0 | 100.0 |  -nan |  -nan | 100.0 | 175.0
       Dungeon | 100.0 | 100.0 |  -nan |  -nan | 100.0 | 175.0
               +-------+-------+-------+-------+-------+----------------------
